PA
YELLOWKNIFE DRAGONBLOOD @ COLUMBIA RIVER RATS
06/07/2026
 
TOP OF THE 1ST
Yellowknife Dragonblood batting - Pitching for Columbia River Rats : RHP Danial Apodaca
Pitching: RHP Danial Apodaca
Batting: RHB Felipe Campos 0-0: Ball
1-0: Called Strike
1-1: Ball
2-1: Called Strike
2-2: DOUBLE (Line Drive, 89M)
Batting: RHB Keith Kamen 0-0: Ball
1-0: Ground out 6-3 (Groundball, 6)
Batting: RHB Andrés Escobar 0-0: Called Strike
0-1: Called Strike
0-2: Foul Ball, location: 2F
0-2: Ball
1-2: Ball
2-2: Strikes out looking
Batting: RHB Seth Rollins 0-0: Ball
1-0: Fly out, F4 (Line Drive, 34)
Top of the 1st over - 0 run(s), 1 hit(s), 0 error(s), 1 left on base; Yellowknife 0 - Columbia 0
BOTTOM OF THE 1ST
Columbia River Rats batting - Pitching for Yellowknife Dragonblood : RHP Emershan Naidoo
Pitching: RHP Emershan Naidoo
Batting: RHB Rob Gray 0-0: Ball
1-0: Ball
2-0: Swinging Strike
2-1: Foul Ball, location: 2F
2-2: Strikes out swinging
Batting: RHB Mario Jacome 0-0: SINGLE (Groundball, 6MD)
Batting: RHB Víctor Hernández 0-0: Ball
1-0: Foul Ball, location: 2F
1-1: Ball
2-1: Foul Ball, location: 2F
2-2: Grounds into double play, 6-4-3 (Groundball, 56)
Bottom of the 1st over - 0 run(s), 1 hit(s), 0 error(s), 0 left on base; Yellowknife 0 - Columbia 0
TOP OF THE 2ND
Yellowknife Dragonblood batting - Pitching for Columbia River Rats : RHP Danial Apodaca
Batting: RHB Junior Pittman 0-0: Ball
1-0: Ground out 6-3 (Groundball, 6)
Batting: RHB Arturo Sánchez 0-0: Ground out 6-3 (Groundball, 6M)
Batting: SHB Miguel Herrera 0-0: Ball
1-0: Foul Ball, location: 2F
1-1: Foul Ball, location: 2F
1-2: Strikes out swinging
Top of the 2nd over - 0 run(s), 0 hit(s), 0 error(s), 0 left on base; Yellowknife 0 - Columbia 0
BOTTOM OF THE 2ND
Columbia River Rats batting - Pitching for Yellowknife Dragonblood : RHP Emershan Naidoo
Batting: SHB Alejandro Castillo 0-0: Ball
1-0: Swinging Strike
1-1: Ball
2-1: Called Strike
2-2: Ball
3-2: Fly out, F6 (Popup, 6)
Batting: RHB Richard Blackburn 0-0: Called Strike
0-1: Called Strike
0-2: Ball
1-2: Strikes out swinging
Batting: RHB Michael Walters 0-0: Foul Ball, location: 2F
0-1: Called Strike
0-2: Fly out, F8 (Flyball, 8RM)
Bottom of the 2nd over - 0 run(s), 0 hit(s), 0 error(s), 0 left on base; Yellowknife 0 - Columbia 0
TOP OF THE 3RD
Yellowknife Dragonblood batting - Pitching for Columbia River Rats : RHP Danial Apodaca
Batting: RHB Alejandro Bracamonte 0-0: Called Strike
0-1: Called Strike
0-2: Foul Ball, location: 2F
0-2: Foul Ball, location: 2F
0-2: Ball
1-2: Strikes out swinging
Batting: RHB Mareka Naidoo 0-0: Called Strike
0-1: Ball
1-1: Fly out, F8 (Line Drive, 8RM)
Batting: RHB Felipe Campos 0-0: Ground out 5-3 (Groundball, 56S)
Top of the 3rd over - 0 run(s), 0 hit(s), 0 error(s), 0 left on base; Yellowknife 0 - Columbia 0
BOTTOM OF THE 3RD
Columbia River Rats batting - Pitching for Yellowknife Dragonblood : RHP Emershan Naidoo
Batting: SHB Mark Towns 0-0: Called Strike
0-1: Ball
1-1: Ball
2-1: Ground out 4-3 (Groundball, 4M)
Batting: RHB Miguel Delgado 0-0: Called Strike
0-1: Ball
1-1: Ball
2-1: Swinging Strike
2-2: Ground out 4-3 (Groundball, 4)
Batting: RHB Don Leach 0-0: Ball
1-0: Ball
2-0: Ball
3-0: Base on Balls
Batting: RHB Rob Gray 0-0: Called Strike
0-1: Ball
1-1: Ball
2-1: Ball
3-1: Base on Balls
Don Leach to second
Batting: RHB Mario Jacome 0-0: Ball
1-0: Called Strike
1-1: Swinging Strike
1-2: Strikes out swinging
Bottom of the 3rd over - 0 run(s), 0 hit(s), 0 error(s), 2 left on base; Yellowknife 0 - Columbia 0
TOP OF THE 4TH
Yellowknife Dragonblood batting - Pitching for Columbia River Rats : RHP Danial Apodaca
Batting: RHB Keith Kamen 0-0: Called Strike
0-1: Ball
1-1: Fly out, F4 (Flyball, 4D)
Batting: RHB Andrés Escobar 0-0: Called Strike
0-1: Ball
1-1: Called Strike
1-2: Ball
2-2: Strikes out swinging
Batting: RHB Seth Rollins 0-0: Called Strike
0-1: Swinging Strike
0-2: Ground out 2-3 (Groundball, 2L)
Top of the 4th over - 0 run(s), 0 hit(s), 0 error(s), 0 left on base; Yellowknife 0 - Columbia 0
BOTTOM OF THE 4TH
Columbia River Rats batting - Pitching for Yellowknife Dragonblood : RHP Emershan Naidoo
Batting: RHB Víctor Hernández 0-0: Swinging Strike
0-1: Foul Ball, location: 2F
0-2: Foul Ball, location: 2F
0-2: Ground out 6-3 (Groundball, 6)
Batting: SHB Alejandro Castillo 0-0: Ball
1-0: Ball
2-0: Called Strike
2-1: Foul Ball, location: 2F
2-2: Foul Ball, location: 2F
2-2: Ball
3-2: Fly out, F9 (Flyball, 9S)
Batting: RHB Richard Blackburn 0-0: Called Strike
0-1: Foul Ball, location: 2F
0-2: Strikes out looking
Bottom of the 4th over - 0 run(s), 0 hit(s), 0 error(s), 0 left on base; Yellowknife 0 - Columbia 0
TOP OF THE 5TH
Yellowknife Dragonblood batting - Pitching for Columbia River Rats : RHP Danial Apodaca
Batting: RHB Junior Pittman 0-0: Called Strike
0-1: Called Strike
0-2: Ball
1-2: Strikes out swinging
Batting: RHB Arturo Sánchez 0-0: Called Strike
0-1: Foul Ball, location: 2F
0-2: Strikes out swinging
Batting: SHB Miguel Herrera 0-0: DOUBLE (Line Drive, 7LM)
Batting: RHB Alejandro Bracamonte 0-0: Swinging Strike
0-1: Ball
1-1: Ball
2-1: Swinging Strike
2-2: Ball
3-2: Strikes out swinging
Top of the 5th over - 0 run(s), 1 hit(s), 0 error(s), 1 left on base; Yellowknife 0 - Columbia 0
BOTTOM OF THE 5TH
Columbia River Rats batting - Pitching for Yellowknife Dragonblood : RHP Emershan Naidoo
Batting: RHB Michael Walters 0-0: Called Strike
0-1: Ball
1-1: Foul Ball, location: 2F
1-2: Strikes out swinging
Batting: SHB Mark Towns 0-0: Ball
1-0: Ball
2-0: Foul Ball, location: 2F
2-1: Ball
3-1: Swinging Strike
3-2: Strikes out looking
Batting: RHB Miguel Delgado 0-0: Fly out, F8 (Line Drive, 78M)
Bottom of the 5th over - 0 run(s), 0 hit(s), 0 error(s), 0 left on base; Yellowknife 0 - Columbia 0
TOP OF THE 6TH
Yellowknife Dragonblood batting - Pitching for Columbia River Rats : RHP Danial Apodaca
Batting: RHB Mareka Naidoo 0-0: Ground out 6-3 (Groundball, 6)
Batting: RHB Felipe Campos 0-0: Called Strike
0-1: Foul Ball, location: 2F
0-2: Ball
1-2: Ball
2-2: Ball
3-2: Foul Ball, location: 2F
3-2: Ground out 6-3 (Groundball, 6)
Batting: RHB Keith Kamen 0-0: Ball
1-0: Called Strike
1-1: Fly out, F1 (Line Drive, 13)
Top of the 6th over - 0 run(s), 0 hit(s), 0 error(s), 0 left on base; Yellowknife 0 - Columbia 0
BOTTOM OF THE 6TH
Columbia River Rats batting - Pitching for Yellowknife Dragonblood : RHP Emershan Naidoo
Batting: RHB Don Leach 0-0: Called Strike
0-1: Called Strike
0-2: Strikes out swinging
Batting: RHB Rob Gray 0-0: Called Strike
0-1: Ball
1-1: Called Strike
1-2: Strikes out looking
Batting: RHB Mario Jacome 0-0: Ground out 6-3 (Groundball, 6)
Bottom of the 6th over - 0 run(s), 0 hit(s), 0 error(s), 0 left on base; Yellowknife 0 - Columbia 0
TOP OF THE 7TH
Yellowknife Dragonblood batting - Pitching for Columbia River Rats : RHP Danial Apodaca
Batting: RHB Andrés Escobar 0-0: Foul Ball, location: 2F
0-1: Ball
1-1: Foul Ball, location: 2F
1-2: Strikes out swinging
Pinch Hitting: SHB Zachary Burriss 0-0: Called Strike
0-1: Called Strike
0-2: Ball
1-2: Ball
2-2: Foul Ball, location: 2F
2-2: Ball
3-2: Base on Balls
Batting: RHB Junior Pittman 0-0: Ball
1-0: SINGLE (Line Drive, 7S)
Zachary Burriss to second
Pinch Hitting: LHB Ramón Guzmán 0-0: SINGLE (Line Drive, 9LS)
Zachary Burriss to third
Junior Pittman to second
Runner from 3rd tries for Home, SAFE, no throw
Batting: SHB Miguel Herrera 0-0: Fly out, F6 (Popup, 5D)
Pinch Hitting: RHB Rob Berry 0-0: Called Strike
0-1: Foul Ball, location: 2F
0-2: Ball
1-2: Ball
2-2: Foul Ball, location: 2F
2-2: Ball
3-2: Strikes out looking
Top of the 7th over - 1 run(s), 2 hit(s), 0 error(s), 2 left on base; Yellowknife 1 - Columbia 0
BOTTOM OF THE 7TH
Columbia River Rats batting - Pitching for Yellowknife Dragonblood : RHP Emershan Naidoo
Now at 2B: Zachary Burriss
Now in RF: Ramón Guzmán
Batting: RHB Víctor Hernández 0-0: Called Strike
Now at SS: Rob Berry 0-1: Ball
1-1: SINGLE (Line Drive, 9S)
Batting: SHB Alejandro Castillo 0-0: Called Strike
0-1: Ball
Víctor Hernández steals 2nd base
1-1: Called Strike
1-2: Strikes out swinging
Pinch Hitting: RHB JoJo Victory 0-0: Ball
1-0: Foul Ball, location: 2F
1-1: Swinging Strike
1-2: Foul Ball, location: 2F
1-2: Strikes out looking
Batting: RHB Michael Walters 0-0: Swinging Strike
0-1: Foul Ball, location: 2F
0-2: Foul Ball, location: 2F
0-2: Strikes out swinging
Bottom of the 7th over - 0 run(s), 1 hit(s), 0 error(s), 1 left on base; Yellowknife 1 - Columbia 0
TOP OF THE 8TH
Yellowknife Dragonblood batting - Pitching for Columbia River Rats : RHP Danial Apodaca
Now at 2B: Esteban Olivo
Batting: RHB Mareka Naidoo 0-0: Called Strike
0-1: Ball
1-1: Ball
2-1: Ground out 5-3 (Groundball, 56)
Batting: RHB Felipe Campos 0-0: DOUBLE (Line Drive, 9LM) - OUT at third base trying to stretch hit.
Batting: RHB Keith Kamen 0-0: Ball
1-0: Called Strike
1-1: Ball
2-1: Foul Ball, location: 2F
2-2: Fly out, F8 (Line Drive, 8RD)
Top of the 8th over - 0 run(s), 1 hit(s), 0 error(s), 0 left on base; Yellowknife 1 - Columbia 0
BOTTOM OF THE 8TH
Columbia River Rats batting - Pitching for Yellowknife Dragonblood : RHP Emershan Naidoo
Batting: SHB Mark Towns 0-0: Ball
1-0: Called Strike
1-1: Swinging Strike
1-2: Ball
2-2: Strikes out looking
Batting: RHB Miguel Delgado 0-0: Fly out, F8 (Flyball, 8RM)
Batting: RHB Don Leach 0-0: Called Strike
0-1: Swinging Strike
0-2: Ground out 5-3 (Groundball, 56S)
Bottom of the 8th over - 0 run(s), 0 hit(s), 0 error(s), 0 left on base; Yellowknife 1 - Columbia 0
TOP OF THE 9TH
Yellowknife Dragonblood batting - Pitching for Columbia River Rats : RHP Danial Apodaca
Pitching: LHP José Fuentes
Batting: RHB Andrés Escobar 0-0: Ball
1-0: Foul Ball, location: 2F
1-1: Ball
2-1: Called Strike
2-2: Ball
3-2: Base on Balls
Batting: SHB Zachary Burriss 0-0: Called Strike
0-1: Ball
1-1: Ball
2-1: Swinging Strike
2-2: Foul Ball, location: 2F
2-2: Ball
3-2: Strikes out swinging
Andrés Escobar is caught stealing 2nd base
Batter strikes out.
Batting: RHB Junior Pittman 0-0: Called Strike
0-1: Swinging Strike
0-2: Foul Ball, location: 2F
0-2: Foul Ball, location: 2F
0-2: Ball
1-2: Foul Ball, location: 2F
1-2: Fly out, F7 (Flyball, 7S)
Top of the 9th over - 0 run(s), 0 hit(s), 0 error(s), 0 left on base; Yellowknife 1 - Columbia 0
BOTTOM OF THE 9TH
Columbia River Rats batting - Pitching for Yellowknife Dragonblood : RHP Emershan Naidoo
Pitching: RHP Manuel Torres
Batting: RHB Rob Gray 0-0: Ball
1-0: Called Strike
1-1: Foul Ball, location: 2F
1-2: Strikes out swinging
Pinch Hitting: RHB Andy Putman 0-0: Called Strike
0-1: Ball
1-1: Ball
2-1: Ball
3-1: Base on Balls
Pinch Hitting: RHB José Valéncia 0-0: Ball
1-0: Foul Ball, location: 2F
1-1: SINGLE (Groundball, 6MD)
Andy Putman to second
Batting: SHB Alejandro Castillo 0-0: Ball
1-0: Called Strike
1-1: Fly out, F7 (Flyball, 7D)
Batting: RHB Esteban Olivo 0-0: Ball
1-0: SINGLE (Flyball, 7LM)
Andy Putman to third
José Valéncia to second
Runner from 3rd tries for Home, SAFE, no throw
Pinch Hitting: RHB Marcos Rico 0-0: Fly out, F9 (Flyball, 9S)
Bottom of the 9th over - 1 run(s), 2 hit(s), 0 error(s), 2 left on base; Yellowknife 1 - Columbia 1
TOP OF THE 10TH
Yellowknife Dragonblood batting - Pitching for Columbia River Rats : LHP José Fuentes
Pitching: LHP Manabu Kato
Now at C: Andy Putman
Now at SS: Gil Simmons
Now in CF: Marcos Rico
Batting: LHB Ramón Guzmán 0-0: Hit by Pitch
Batting: SHB Miguel Herrera 0-0: Bunt missed!
0-1: Sac Bunt - play at first, batter OUT! 1-4
Ramón Guzmán to second
Batting: RHB Rob Berry 0-0: Intentional Walk
Batting: RHB Mareka Naidoo 0-0: Ball
1-0: Called Strike
1-1: Ball
2-1: Swinging Strike
2-2: Ball
3-2: Foul Ball, location: 2F
3-2: Foul Ball, location: 2F
3-2: Foul Ball, location: 2F
3-2: Strikes out swinging
Batting: RHB Felipe Campos 0-0: Foul Ball, location: 2F
0-1: Ball
1-1: SINGLE (Line Drive, 9LS)
Ramón Guzmán to third
Rob Berry to second
Runner from 3rd tries for Home, SAFE, throw made at trailing runner, SAFE at third!
Pinch Hitting: RHB Sergio Peña 0-0: Ball
1-0: Ground out 5-3 (Groundball, 56S)
Top of the 10th over - 1 run(s), 1 hit(s), 0 error(s), 2 left on base; Yellowknife 2 - Columbia 1
BOTTOM OF THE 10TH
Columbia River Rats batting - Pitching for Yellowknife Dragonblood : RHP Manuel Torres
Now at 1B: Chong-yee Au-Yong
Batting: SHB Mark Towns 0-0: Ball
1-0: Swinging Strike
1-1: DOUBLE (Line Drive, 78M)
Batting: RHB Miguel Delgado 0-0: Ball
1-0: Called Strike
1-1: Ball
2-1: Swinging Strike
2-2: Ball
3-2: Base on Balls
Pinch Hitting: RHB Bill Tan 0-0: Sac Bunt - play at first, batter OUT! 1-4
Mark Towns to third
Miguel Delgado to second
Batting: RHB Rob Gray 0-0: Ball
1-0: Ball
2-0: Called Strike
2-1: Called Strike
2-2: DOUBLE (Line Drive, 8RD)
Mark Towns scores
Miguel Delgado scores
Monday, March 20th, 2017 - OOTP Baseball 17.12 Build 75